 Dungeon Crawl Stone Soup version 0.27.1-3-gb3d3a73c9e (webtiles) character file.

Game seed: 17589782740928754869

2255596 AarnesTheHuman the Invulnerable (level 27, 273/273 HPs)
             Began as a Minotaur Berserker on Sept 13, 2021.
             Was the Champion of Trog.
             Escaped with the Orb
             ... and 4 runes on Oct 23, 2021!
             The game lasted 04:42:30 (79607 turns).

AarnesTheHuman the Invulnerable (MiBe)             Turns: 79607, Time: 04:42:30

Health: 273/273    AC: 51    Str: 39    XL:     27
Magic:  22/22      EV: 17    Int:  9    God:    Trog [******]
Gold:   5688       SH: 34    Dex: 16    Spells: 26/26 levels left

rFire    + . .     SeeInvis .   b - +11 broad axe of Conscience {speed, Str+4}
rCold    + + .     Faith    .   Z - +5 tower shield {rC+}
rNeg     + . .     Spirit   +   f - +8 orange crystal plate armour {Archmagi, Int+3 Clar}
rPois    +         Reflect  .   (helmet unavailable)
rElec    .         Harm     .   K - +1 cloak of Too Many Cooks {Will+ Regen+}
rCorr    +         Rampage  ∞   D - +2 pair of gloves {Dex+3}
Will     ++++.     Archmagi +   Y - +3 pair of seven-league boots {Rampage+∞} Stlth ..........Clarity +
                                A - amulet of Life {Spirit rPois rN+ Will+}
HPRegen  1.55/turn              h - ring of Uryps {rPois rCorr Str+3 Int+4}
MPRegen  0.18/turn              S - ring of Panentheism {Fly rF+ rC+}

@: flying, studying 3 skills
A: horns 3, retaliatory headbutt, dopey 1, inability to read while threatened
0: Orb of Zot
}: 4/15 runes: serpentine, barnacled, slimy, silver
a: Renounce Religion, Berserk, Trog's Hand, Brothers in Arms


You escaped.
You worshipped Trog.
Trog was exalted by your worship.
You visited 10 branches of the dungeon, and saw 54 of its levels.
You also visited: Bailey and Gauntlet.

You collected 9788 gold pieces.
You spent 4100 gold pieces at shops.

Inventory:

Hand Weapons
 a - a +9 broad axe of flaming
 b - the +11 broad axe of Conscience (weapon) {speed, Str+4}
   (You acquired it on level 2 of the Elven Halls)

   Attacks with this weapon are significantly faster.
   Str:       It affects your strength (+4).
Missiles
 t - 9 silver javelins
 w - 108 boomerangs
 N - 23 javelins (quivered)
 O - 9 throwing nets
Armour
 f - the +8 orange crystal plate armour (worn) {Archmagi, Int+3 Clar}
   (You found it on level 5 of the Pits of Slime)

   Int:       It affects your intelligence (+3).
   Clar:      It protects you against confusion.
 D - a +2 pair of gloves of dexterity (worn)
 K - the +1 cloak of Too Many Cooks (worn) {Will+ Regen+}
   (You acquired it on level 5 of the Depths)

   Regen:     It increases your rate of health regeneration.
   Will:      It increases your willpower.
 Y - the +3 pair of seven-league boots (worn) {Rampage+∞}
   (You acquired it on level 2 of the Elven Halls)

   Its wearer moves as far as possible in that direction when moving towards
   enemies.
 Z - a +5 tower shield of cold resistance (worn)
Jewellery
 d - the amulet of Lixokk {rElec Regen+}
   (You found it on level 12 of the Dungeon)

   [amulet of regeneration]

   rElec:     It insulates you from electricity.
   Regen:     It increases your rate of health regeneration.
 h - the ring of Uryps (left hand) {rPois rCorr Str+3 Int+4}
   (You acquired it on level 3 of the Depths)

   [ring of poison resistance]

   Str:       It affects your strength (+3).
   Int:       It affects your intelligence (+4).
   rPois:     It protects you from poison.
   rCorr:     It protects you from acid and corrosion.
 o - the ring of Patience {+Blink rF+ Will+ Int+3 Stlth+}
   (You acquired it on level 5 of the Dungeon)

   [ring of willpower]

   Int:       It affects your intelligence (+3).
   rF:        It protects you from fire.
   +Blink:    It lets you blink.
   Will:      It increases your willpower.
   Stlth:     It makes you more stealthy.
 A - the amulet of Life (around neck) {Spirit rPois rN+ Will+}
   (You found it on level 3 of the Shoals)

   [amulet of guardian spirit]

   It causes incoming damage to be divided between your reserves of health and
   magic.
   rPois:     It protects you from poison.
   rN:        It protects you from negative energy.
   Will:      It increases your willpower.
 P - the ring of Wososm {rElec AC+4 SInv}
   (You found it on level 3 of the Elven Halls)

   [ring of protection]

   AC:        It affects your AC (+4).
   rElec:     It insulates you from electricity.
   SInv:      It lets you see invisible.
 R - the ring "Hettiopo" {rF+ rC+ Str+2 Int+4 Dex+4}
   (You acquired it on level 7 of the Dungeon)

   [ring of protection from fire]

   Str:       It affects your strength (+2).
   Int:       It affects your intelligence (+4).
   Dex:       It affects your dexterity (+4).
   rF:        It protects you from fire.
   rC:        It protects you from cold.
 S - the ring of Panentheism (right hand) {Fly rF+ rC+}
   (You found it on level 4 of the Shoals)

   [ring of flight]

   rF:        It protects you from fire.
   rC:        It protects you from cold.
   Fly:       It grants you flight.
 V - the ring "Yfriemeno" {Fire rElec Str-2 SInv Stlth+}
   (You found it on level 4 of the Shoals)

   [ring of fire]

   It enhances your fire magic.
   Str:       It affects your strength (-2).
   rF:        It protects you from fire.
   rC:        It makes you vulnerable to cold.
   rElec:     It insulates you from electricity.
   SInv:      It lets you see invisible.
   Stlth:     It makes you more stealthy.
Wands
 j - a wand of acid (22)
 m - a wand of flame (179)
 n - a wand of polymorph (39)
 B - a wand of paralysis (9)
 J - a wand of charming (14)
 Q - a wand of iceblast (33)
 X - a wand of digging (7)
Scrolls
 k - 7 scrolls of silence
 l - 5 scrolls of holy word
 p - 4 scrolls of summoning
 q - 15 scrolls of teleportation
 v - 5 scrolls of vulnerability
 z - 7 scrolls of fear
 E - 4 scrolls of blinking
 F - 5 scrolls of immolation
 M - 7 scrolls of fog
Potions
 e - 5 potions of haste
 g - 12 potions of heal wounds
 r - 22 potions of curing
 s - 7 potions of magic
 C - 2 potions of cancellation
 G - 3 potions of might
 H - 11 potions of attraction
 I - 5 potions of resistance
 L - 9 potions of ambrosia
 U - 3 potions of invisibility
Miscellaneous
 c - a lightning rod (4/4)
 i - a phial of floods
 u - a phantom mirror
 T - a condenser vane
 W - a tin of tremorstones (2/2)


   Skills:
 O Level 27 Fighting
 - Level 18.0 Axes
 + Level 23.6 Throwing
 O Level 27 Armour
 + Level 18.2 Dodging
 - Level 25.0 Shields
 + Level 17.3 Evocations


You had 26 spell levels left.
You didn't know any spells.
Your spell library was empty.

Dungeon Overview and Level Annotations

Branches:
Dungeon (15/15)            Temple (0/1) D:6            Lair (6/6) D:10
 Shoals (4/4) Lair:4        Snake (4/4) Lair:3        Slime (5/5) Lair:6
    Orc (2/2) D:11            Elf (3/3) Orc:2        Vaults (5/5) D:14
  Crypt (0/3) Vaults:2     Depths (5/5) D:15            Zot (5/5) Depths:5
 Bailey (visited)         Gauntlet (visited)

Altars:
Cheibriados
Dithmenos
Elyvilon
Gozag
Hepliaklqana
Kikubaaqudgha
Makhleb
Okawaru
Ru
Sif Muna
Trog
Uskayaw
Vehumet
Wu Jian
Xom
Yredelemnul
Zin
The Shining One
Lugonu

Shops:
D:6 *   D:13 !   Orc:2 :![[?((:   Shoals:3 *   Shoals:4 =   Snake:4 [*
Vaults:2 =   Vaults:3 :   Depths:3 =:!*[   Depths:5 *

Portals:
Hell: Depths:1 Depths:2 Depths:3 Depths:4 Depths:5
Abyss: Depths:3 Depths:4
Pandemonium: Depths:1 Depths:3 Depths:4
Ziggurat: Depths:2
Trove: Vaults:1 (give 8 potions of haste)

Annotations:
D:2 exclusion: downstairs
Snake:2 exclusion: downstairs
Snake:3 1 runed translucent door, exclusion: door, Bunnuime's ghost, adept DECj
Orc:2 1 runed translucent door, exclusion: door, RawMediocrity's ghost, journeyman BaBe
Depths:5 5 runed translucent doors


Innate Abilities, Weirdness & Mutations

You have a pair of large horns on your head.
You reflexively headbutt those who attack you in melee.
You are dopey. (Int -2)
You sometimes lose the ability to read scrolls when taking damage.


Message History

You fly upwards.
There is a stone staircase leading down, spattered with blood here.
There is a stone staircase leading up here.
You fly upwards.
There is a stone staircase leading down here.
An Orb Guardian comes into view.
There is an open door here.
There is a stone staircase leading up here.
You block the Orb Guardian's attack.
You fly upwards.
There is a stone staircase leading down here.
(D) Dungeon (T) Temple (L) Lair (A) Shoals (P) Snake Pit (M) Slime Pits (O) Orcish Mines (E) Elven Halls (V) Vaults (C) Crypt (U) Depths (H) Hell (Z) Zot
Where to? (Enter - D:1, ? - help)
There is an open door here.
There is an open door here.
A chaos spawn comes into view.
The chaos spawn hisses angrily.
There is an escape hatch in the ceiling here.
A mysterious force pulls you upwards. The hatch slams shut behind you.
(D) Dungeon (T) Temple (L) Lair (A) Shoals (P) Snake Pit (M) Slime Pits (O) Orcish Mines (E) Elven Halls (V) Vaults (C) Crypt (U) Depths (H) Hell (Z) Zot
Where to? (Enter - D:1, ? - help)
There is a stone staircase leading up here.
You fly upwards.
Level annotation: exclusion: downstairs
There is a stone staircase leading down here.
There is an open door here.
There is a stone staircase leading up here.
You fly upwards.
There is a stone staircase leading down here.
Unknown command.
You reach down and open the door.
There is an open door here.
There is a staircase leading out of the dungeon here.
You have escaped!

##### ##...## ########.....#
###### #### #......#..@..#
##..... ...####......#.....#####
#...###
.....#####...##...##...#####.....
...###...#'.).'###'###'#...##..##
...##.....#....###....#.....##...
#####.....#.....⌠....##.....####.
## #.....#...#####...#.....####.
.#####...#'...##......'#...##.###
.#...#####.......###...#####...##


There were no monsters in sight!

Vanquished Creatures
  the Royal Jelly (Slime:5)
  6 dread liches
  Tiamat (Zot:1)
  3 orbs of fire (Zot:5)
  2 ancient liches (Zot:5)
  Mara (Depths:1)
  A juggernaut (Depths:5)
  Mennas (Depths:2)
  16 Killer Klowns
  3 curse toes
  Vashnia (Snake:2)
  A pandemonium lord (D:7)
  3 caustic shrikes (Depths:3)
  Saint Roka (Snake:3)
  12 golden dragons
  the Enchantress (Depths:3)
  A Brimstone Fiend (D:7)
  A bone dragon (Depths:5)
  2 electric golems (Zot:5)
  Jorgrun (Shoals:2)
  10 tentacled monstrosities
  Rupert (D:15)
  4 liches
  26 Orb Guardians
  5 titans
  9 quicksilver dragons
  2 deep elf blademasters (Elf:3)
  Frances (D:13)
  17 acid blobs
  2 deep elf master archers (Elf:3)
  4 sphinxes
  Gastronok (Lair:2)
  8 death cobs
  18 storm dragons
  7 shadow dragons
  8 tengu reavers
  3 daevas (Depths:2)
  Roxanne (D:14)
  Donald (Vaults:1)
  10 draconian monks
  6 rockslimes
  The ghost of Liimbo the Severer, an adept FoWn of the Shining One (Shoals:3)
  11 draconian knights
  Ilsuiw (Shoals:3)
  13 frost giants
  11 fire giants
  A deep elf sorcerer (Depths:4)
  12 vault wardens
  9 azure jellies
  8 nagarajas
  3 iron dragons
  2 orc warlords
  3 angels (Depths:2)
  6 deep elf elementalists (Elf:3)
  A caustic shrike zombie (Depths:2)
  7 draconian scorchers
  Louise (D:15)
  4 draconian shifters
  A balrug (Depths:1)
  13 draconian stormcallers
  4 draconian annihilators
  4 spriggan defenders
  3 reapers
  5 war gargoyles
  15 quicksilver oozes
  25 very ugly things
  12 ironbound preservers
  25 stone giants
  13 green draconians
  Nessos (D:12)
  2 vampire knights
  14 red draconians
  5 deep elf demonologists
  18 purple draconians
  17 yellow draconians
  16 black draconians
  Azrael (Snake:3)
  12 white draconians
  13 spark wasps
  5 deep elf annihilators
  A lorocyproca (Depths:5)
  7 dire elephants
  12 deep elf death magi
  5 merfolk javelineers
  A blizzard demon (Zot:5)
  12 ettins
  2 crystal guardians
  3 fire dragons
  17 yaktaur captains
  13 merfolk impalers
  Josephine (D:10)
  Harold (Lair:2)
  19 naga warriors
  10 great orbs of eyes
  7 deep elf high priests
  10 ironbound thunderhulks
  4 rakshasas
  3 spriggan air magi (Depths:3)
  Erolcha (Orc:1)
  8 hydras
  7 ice dragons
  34 vault guards
  3 peacekeepers
  2 ogre magi
  3 salamander tyrants
  13 centaur warriors
  2 merfolk avatars
  4 catoblepae
  9 anacondas
  3 boulder beetles
  An alligator snapping turtle (Shoals:4)
  2 merfolk aquamancers
  42 dancing weapons
  8 ironbound frosthearts
  4 satyrs
  13 deep troll shamans
  A death knight (D:14)
  An alligator (shapeshifter) (Vaults:2)
  11 death yaks
  2 hell hogs (Depths:5)
  2 two-headed ogres
  3 tengu warriors
  17 deep troll earth magi
  7 orc high priests
  16 naga sharpshooters
  4 ironbound beastmasters
  A vampire mage (Vaults:2)
  A shock serpent (shapeshifter) (Vaults:5)
  10 spriggan berserkers
  16 deep elf knights
  13 shock serpents
  A soul eater (Depths:5)
  5 hell knights (Depths:4)
  18 iron trolls
  4 salamander mystics
  A shadow wraith (Vaults:5)
  6 cherubim (Depths:2)
  3 glowing orange brains
  A goliath frog (Lair:6)
  2 deep trolls (shapeshifter)
  A sixfirhy (Depths:1)
  20 sea snakes
  A swamp dragon (shapeshifter) (Vaults:5)
  An obsidian statue (Gauntlet)
  67 deep trolls
  5 naga ritualists
  A shadow demon (Zot:4)
  10 wizards
  6 phantasmal warriors
  9 deep elf archers
  A kraken simulacrum (Shoals:4)
  4 necromancers
  A tengu zombie (Depths:2)
  5 lindwurms
  23 ironbound convokers
  An orange crystal statue (Depths:3)
  28 deep elf pyromancers
  19 deep elf zephyrmancers
  23 harpies
  13 orc knights
  8 mana vipers
  A mana viper (shapeshifter) (Depths:3)
  21 manticores
  4 orc sorcerers
  3 shining eyes
  52 ugly things
  A manticore (shapeshifter) (Depths:5)
  A wolf spider (shapeshifter) (Vaults:5)
  2 salamanders (shapeshifter)
  16 fauns
  12 cyclopes
  13 salamanders
  A stone giant zombie (Depths:2)
  23 moths of wrath
  A wolf spider (D:12)
  2 frost giant skeletons (Depths:1)
  Maurice (D:13)
  An elephant (shapeshifter) (Depths:4)
  10 merfolk sirens
  10 elephants
  6 water nymphs
  43 black mambas
  15 naga magi
  2 molten gargoyles (Gauntlet)
  6 vault sentinels
  17 guardian serpents
  A torpor snail (Lair:5)
  5 gargoyles
  A cane toad (shapeshifter) (D:14)
  24 cane toads
  Maggie (Lair:2)
  4 freezing wraiths
  2 kobold demonologists (D:11)
  A hellion (Zot:5)
  35 yaktaurs
  8 unseen horrors
  A spriggan zombie (Depths:1)
  5 tengu conjurers
  A rime drake (Lair:2)
  8 komodo dragons
  An efreet (D:12)
  5 polar bears
  5 hellwings (Zot:1)
  4 wind drakes
  3 meliai (Lair:4)
  A queen bee (Lair:4)
  32 merfolk
  3 hornets
  8 trolls
  A polar bear (shapeshifter) (Elf:2)
  3 tyrant leeches (Lair:6)
  63 slime creatures
  Prince Ribbit (Lair:3)
  A wolf spider simulacrum (D:13)
  2 dream sheep (Shoals:1)
  39 blink frogs
  A dream sheep (shapeshifter) (Vaults:5)
  An ettin zombie (Depths:2)
  10 snapping turtles
  2 centaur simulacra (D:15)
  5 spriggans
  A shadow (D:12)
  8 air elementals
  6 wyverns
  7 wraiths
  41 yaks
  A vampire (D:9)
  23 water elementals
  14 humans
  5 fire elementals
  A hog (shapeshifter) (Elf:3)
  5 golden eyes (Slime:5)
  4 basilisks
  2 chaos spawn (Depths:4)
  Menkaure (D:7)
  14 vampire mosquitoes
  2 swamp worms (shapeshifter)
  4 wargs
  3 large abominations (Depths:4)
  5 hell hounds
  24 water moccasins
  36 nagas
  4 small abominations (Depths:4)
  3 floating eyes
  3 ice beasts
  3 black bears
  A sky beast (D:7)
  47 orc warriors
  10 ogres
  A necrophage (D:4)
  51 wolves
  16 centaurs
  3 phantoms
  2 kobold brigands (D:11)
  2 earth elementals
  14 bullfrogs
  5 gnoll sergeants
  4 scorpions
  A water moccasin zombie (D:3)
  27 killer bees
  10 wights
  6 electric eels
  4 howler monkeys (D:10)
  4 centaur zombies
  2 bullfrog zombies
  2 hounds
  16 jellies
  33 orc priests
  Crazy Yiuf (D:2)
  2 bullfrog skeletons (D:5)
  3 centaur skeletons
  5 iguanas
  2 scorpion zombies
  Ijyb (D:4)
  14 orc wizards
  3 killer bee zombies
  A mummy (D:8)
  A howler monkey zombie (D:9)
  8 adders
  11 gnolls
  A shadow imp (D:7)
  A white imp (D:7)
  An ufetubus (D:4)
  An adder skeleton (D:3)
  An adder zombie (D:4)
  A worm (D:2)
  2 dart slugs
  91 orcs
  5 endoplasms
  3 giant cockroaches
  12 goblins
  6 hobgoblins
  14 kobolds
  7 quokkas
  8 ball pythons
  4 bats
  3 frilled lizards
  2 quokka skeletons (D:4)
  4 rats
  A tentacle (Shoals:4)
2454 creatures vanquished.

Vanquished Creatures (collateral kills)
  A pandemonium lord (D:10)
  Nikola (Snake:1)
  A lich (D:10)
  A nagaraja (Snake:4)
  A deep elf demonologist (Elf:3)
  A minotaur (Gauntlet)
  Snorg (Lair:4)
  A deep elf death mage (Elf:3)
  Erica (Lair:2)
  2 naga sharpshooters (Snake:2)
  A shock serpent (Snake:1)
  Urug (Lair:4)
  A mana viper (Snake:1)
  A worldbinder (Gauntlet)
  3 elephants (Lair:2)
  A black mamba (Snake:1)
  An orange demon (D:10)
  A komodo dragon (Lair:4)
  A basilisk (Lair:4)
  2 boggarts (Gauntlet)
24 creatures vanquished.

Vanquished Creatures (others)
  A golden dragon (Zot:4)
  A draconian knight (Zot:3)
  A yellow draconian (Zot:3)
  A deep elf knight (Elf:1)
  A harpy (Shoals:4)
  A deep elf zephyrmancer (Elf:1)
  A wizard (Vaults:3)
  An orc warrior (Elf:1)
  A boggart (D:12)
  A wolf (Lair:6)
  A kobold brigand (D:11)
  92 fungi
  255 plants
  2 tentacles (Shoals:4)
360 creatures vanquished.

Grand Total: 2838 creatures vanquished

Notes
Turn   | Place    | Note
-------+----------+-------------------------------------------
     0 | D:1      | AarnesTheHuman the Minotaur Berserker began the quest for
                  | the Orb.
     0 | D:1      | Reached XP level 1. HP: 19/19 MP: 0/0
   471 | D:1      | Reached XP level 2. HP: 27/27 MP: 1/1
  1064 | D:2      | Found an iron altar of Okawaru.
  1221 | D:2      | Found a runed translucent door.
  1222 | D:2      | Noticed Crazy Yiuf
  1263 | D:2      | Reached ** piety under Trog
  1314 | D:2      | Reached XP level 3. HP: 33/33 MP: 2/2
  1941 | D:3      | Reached skill level 5 in Axes
  1941 | D:3      | Reached XP level 4. HP: 41/41 MP: 3/3
  2347 | D:3      | Found a white marble altar of Elyvilon.
  2347 | D:3      | Found an opulent altar of Gozag.
  2526 | D:3      | Reached XP level 5. HP: 40/47 MP: 4/4
  2873 | D:4      | Reached *** piety under Trog
  2883 | D:4      | Reached skill level 5 in Fighting
  2938 | D:4      | Reached XP level 6. HP: 56/56 MP: 5/5
  3031 | D:4      | Noticed a yak
  3052 | D:4      | Killed a yak
  3053 | D:4      | Reached skill level 5 in Armour
  3059 | D:4      | Reached XP level 7. HP: 53/62 MP: 6/6
  3145 | D:4      | Noticed Ijyb
  3156 | D:4      | Killed Ijyb
  3210 | D:4      | Found a hazy altar of Hepliaklqana.
  3665 | D:5      | Entered Level 5 of the Dungeon
  3766 | D:5      | Identified a scroll of acquirement
  3766 | D:5      | Acquired the ring of Patience {+Blink rF+ Will+ Int+3
                  | Stlth+}
  4176 | D:5      | Reached XP level 8. HP: 67/73 MP: 7/7
  4491 | D:5      | Reached skill level 1 in Evocations
  4719 | D:6      | Found Gocukhlofux's Assorted Antiques.
  4722 | D:6      | Found the ring of the Tortoise {AC+8}
  4757 | D:6      | Bought a kite shield for 126 gold pieces
  4804 | D:6      | Reached skill level 1 in Shields
  4979 | D:6      | Found a staircase to the Ecumenical Temple.
  5028 | D:5      | Reached **** piety under Trog
  5135 | D:6      | Found a burning altar of Makhleb.
  5135 | D:6      | Found a glowing golden altar of the Shining One.
  5323 | D:7      | Killed an unseen horror
  5324 | D:7      | Reached XP level 9. HP: 81/81 MP: 8/8
  5634 | D:7      | Noticed Menkaure
  5678 | D:6      | Reached skill level 5 in Shields
  5686 | D:7      | Killed Menkaure
  5735 | D:7      | You fall into a shaft and drop 2 floors!
  5741 | D:9      | Noticed a two-headed ogre
  5750 | D:9      | Killed a two-headed ogre
  5855 | D:8      | Found a radiant altar of Vehumet.
  5979 | D:8      | Reached XP level 10. HP: 91/91 MP: 9/9
  6251 | D:8      | Found a flagged portal.
  6274 | Bailey   | Entered a bailey
  6542 | Bailey   | Reached ***** piety under Trog
  6629 | Bailey   | Reached skill level 10 in Axes
  6811 | Bailey   | Received a gift from Trog
  7162 | D:8      | Found a snail-covered altar of Cheibriados.
  7586 | D:9      | Identified the +7 trident "Ciryd" {vorpal, Stlth+}
  7774 | D:9      | Reached skill level 10 in Fighting
  8127 | D:10     | Entered Level 10 of the Dungeon
  8555 | D:10     | Found a staircase to the Lair.
  8594 | D:10     | Found an ornate altar of the Wu Jian Council.
  8601 | D:10     | Found an iron altar of Okawaru.
  8649 | D:10     | Reached skill level 5 in Evocations
  8793 | D:10     | Reached XP level 11. HP: 101/101 MP: 10/10
  8886 | D:10     | Noticed Josephine
  9120 | D:10     | Reached skill level 1 in Throwing
  9157 | D:10     | Killed Josephine
  9158 | D:10     | Reached skill level 10 in Armour
  9279 | D:10     | Reached skill level 10 in Shields
  9708 | D:11     | Noticed a green ugly thing
  9901 | D:10     | Upgraded the game from 0.27.1-1-g398f81649c to
                  | 0.27.1-2-g3b301248ec
  9932 | Lair:1   | Entered Level 1 of the Lair of Beasts
 10768 | Lair:2   | Noticed Erica
 10771 | Lair:2   | Killed Erica
 10773 | Lair:2   | Noticed Harold
 10783 | Lair:2   | Killed Harold
 10846 | Lair:2   | Reached skill level 5 in Throwing
 10846 | Lair:2   | Reached XP level 12. HP: 112/112 MP: 11/11
 10858 | Lair:2   | Noticed Maggie
 10875 | Lair:2   | Killed Maggie
 10892 | Lair:2   | Found a gate leading to a gauntlet.
 10907 | Gauntlet | Entered a Gauntlet
 10907 | Gauntlet | Found a transporter.
 10907 | Gauntlet | Found a runed translucent gate.
 10907 | Gauntlet | Found a transporter.
 10913 | Gauntlet | Found a transporter.
 10914 | Gauntlet | Found a runed translucent gate.
 10914 | Gauntlet | Found a runed translucent gate.
 10930 | Gauntlet | Found a transporter.
 10939 | Gauntlet | Noticed a catoblepas
 10943 | Gauntlet | Found a transporter.
 10943 | Gauntlet | Found a transporter.
 10945 | Gauntlet | Found a transporter.
 10945 | Gauntlet | Found a transporter.
 10946 | Gauntlet | Found a transporter.
 10960 | Gauntlet | Found a transporter.
 10970 | Gauntlet | Noticed a reaper
 10976 | Gauntlet | Found a transporter.
 10983 | Gauntlet | Found a transporter.
 10988 | Gauntlet | Found a transporter.
 11022 | Gauntlet | Found a transporter.
 11127 | Gauntlet | Killed a catoblepas
 11372 | Gauntlet | Identified the +2 hat of Qaox Ati {Harm Int+5}
 11470 | Gauntlet | Identified the +0 pair of boots "Aroimad" {Will- Str+4
                  | Dex+3 Stlth+}
 11512 | Gauntlet | Found the +3 hat of Pondering {ponderous, Will+ MP+10
                  | Int+5}
 11512 | Gauntlet | Identified the +1 hunting sling of Gallantry {venom, rPois
                  | rN+ Int-4}
 11512 | Gauntlet | Noticed a minotaur
 11515 | Gauntlet | Killed a minotaur
 11728 | Lair:2   | Noticed a four-headed hydra
 11733 | Lair:2   | Killed a two-headed hydra
 12218 | Lair:2   | Noticed Gastronok
 12282 | Lair:2   | Killed Gastronok
 13230 | Lair:3   | Reached XP level 13. HP: 108/122 MP: 12/12
 13440 | Lair:3   | Noticed Prince Ribbit
 13448 | Lair:3   | Killed Prince Ribbit
 13619 | Lair:3   | Found a staircase to the Snake Pit.
 13626 | Lair:3   | Received a gift from Trog
 14376 | Lair:4   | Noticed Snorg
 14379 | Lair:4   | Noticed Urug
 14384 | Lair:4   | Killed Snorg
 14387 | Lair:4   | Killed Urug
 14574 | Lair:4   | Found an ancient bone altar of Kikubaaqudgha.
 14722 | Lair:4   | Found a staircase to the Shoals.
 15645 | Lair:5   | Found a basalt altar of Yredelemnul.
 15769 | Lair:5   | You fall into a shaft and drop 1 floor!
 15769 | Lair:6   | Entered Level 6 of the Lair of Beasts
 15829 | Lair:6   | Reached XP level 14. HP: 70/133 MP: 13/13
 15830 | Lair:6   | Reached skill level 15 in Fighting
 15928 | Lair:6   | Received a gift from Trog
 16242 | Lair:6   | Found a staircase to the Slime Pits.
 17420 | Lair:5   | Reached skill level 15 in Shields
 17676 | Lair:6   | Reached skill level 15 in Axes
 18302 | Lair:6   | Received a gift from Trog
 19156 | D:11     | Found a staircase to the Orcish Mines.
 19569 | Orc:1    | Entered Level 1 of the Orcish Mines
 19569 | Orc:1    | Noticed Erolcha
 19575 | Orc:1    | Killed Erolcha
 19576 | Orc:1    | Reached XP level 15. HP: 144/144 MP: 14/14
 19706 | Orc:2    | Entered Level 2 of the Orcish Mines
 19706 | Orc:2    | Found Feqoc's Book Emporium.
 19738 | Orc:1    | Received a gift from Trog
 19920 | Orc:2    | Found Catykhuso's Antique Armour Boutique.
 19944 | Orc:2    | Found a staircase to the Elven Halls.
 19946 | Orc:2    | Noticed an orc warlord
 19976 | Orc:1    | Killed an orc warlord
 20096 | Orc:2    | Found Agasot's Distillery.
 20190 | Orc:2    | Reached ****** piety under Trog
 20299 | Orc:2    | Received a gift from Trog
 20358 | Orc:2    | Found a runed translucent door.
 20361 | Orc:2    | Noticed RawMediocrity's ghost (journeyman BaBe)
 21299 | Orc:2    | Found Pofoure's Magic Scroll Shop.
 21302 | Orc:2    | Found Hisot's Weapon Boutique.
 21303 | Orc:2    | Found Fisuidgh's Antique Armour Shop.
 21304 | Orc:2    | Found Vesivoh's Book Shop.
 21518 | Orc:2    | Found Innik's Antique Weapon Shoppe.
 22418 | D:12     | Noticed Nessos
 22420 | D:12     | Killed Nessos
 22828 | Snake:1  | Entered Level 1 of the Snake Pit
 22891 | Snake:1  | Reached skill level 10 in Throwing
 23584 | Snake:1  | Noticed Nikola
 23590 | Snake:1  | Killed Nikola
 23833 | Snake:1  | Found a glowing silver altar of Zin.
 24855 | Snake:2  | Received a gift from Trog
 25141 | Snake:2  | Acquired 1183 gold pieces
 25366 | Snake:2  | Reached XP level 16. HP: 154/154 MP: 15/15
 25586 | Snake:2  | Noticed Vashnia
 25619 | Snake:2  | Killed Vashnia
 27153 | Snake:3  | Noticed Saint Roka
 27903 | Snake:3  | Noticed Azrael
 28120 | Snake:3  | Found a runed translucent door.
 28120 | Snake:3  | Found a shimmering altar of Xom.
 28120 | Snake:3  | Noticed Bunnuime's ghost (adept DECj)
 28215 | Snake:3  | Killed Azrael
 28631 | Snake:2  | Received a gift from Trog
 28809 | Snake:3  | Killed Saint Roka
 29582 | Snake:4  | Entered Level 4 of the Snake Pit
 29591 | Snake:4  | Reached XP level 17. HP: 160/162 MP: 16/16
 29727 | Snake:4  | Reached skill level 15 in Armour
 30459 | Snake:4  | Received a gift from Trog
 30632 | Snake:4  | Found Axzairor's Antique Armour Emporium.
 30639 | Snake:4  | Found Izenliev's General Store.
 30646 | Snake:4  | Bought a scroll of fog for 42 gold pieces
 31458 | Snake:4  | Got a serpentine rune of Zot
 32418 | Shoals:1 | Entered Level 1 of the Shoals
 32975 | Shoals:1 | Received a gift from Trog
 33471 | Shoals:2 | Noticed Jorgrun
 33521 | Shoals:2 | Killed Jorgrun
 33522 | Shoals:2 | Reached XP level 18. HP: 99/173 MP: 17/17
 34404 | Shoals:2 | Upgraded the game from 0.27.1-2-g3b301248ec to
                  | 0.27.1-3-gb3d3a73c9e
 34539 | Shoals:3 | Found Heojucso's General Store.
 34580 | Shoals:3 | Bought a scroll of acquirement for 780 gold pieces
 34580 | Shoals:3 | Acquired a manual of Throwing
 35019 | Shoals:3 | Noticed Ilsuiw
 35049 | Shoals:3 | Killed Ilsuiw
 35067 | Shoals:3 | Found a runed translucent door.
 35559 | Shoals:3 | Noticed Liimbo's ghost (adept FoWn)
 35660 | Shoals:3 | Killed Liimbo's ghost
 35666 | Shoals:3 | Identified the amulet of Life {Spirit rPois rN+ Will+}
 36567 | Shoals:4 | Entered Level 4 of the Shoals
 36584 | Shoals:4 | Identified the +8 morningstar "Rousot" {vorpal, +Blink
                  | Str+4 Int-4 Stlth+} (Trog gifted it to you on level 4 of
                  | the Shoals)
 36584 | Shoals:4 | Received a gift from Trog
 37344 | Shoals:4 | HP: 6/176 [merfolk javelineer/javelin (5)]
 38517 | Shoals:4 | Got a barnacled rune of Zot
 38590 | Shoals:4 | Identified the ring "Yfriemeno" {Fire rElec Str-2 SInv
                  | Stlth+}
 38626 | Shoals:4 | Found Lieveixt's Jewellery Shop.
 39766 | Shoals:4 | Identified the ring of Panentheism {Fly rF+ rC+}
 40093 | D:13     | Received a gift from Trog
 40185 | D:13     | Found a sacrificial altar of Ru.
 40203 | D:13     | Noticed Maurice
 40215 | D:13     | Killed Maurice
 40257 | D:13     | Noticed Frances
 40265 | D:13     | Killed Frances
 40266 | D:13     | Reached XP level 19. HP: 162/183 MP: 16/18
 40366 | D:13     | Found Fockotaco's Distillery.
 40891 | D:13     | Bought a potion of haste for 120 gold pieces
 40891 | D:13     | Bought a potion of heal wounds for 60 gold pieces
 40891 | D:13     | Bought a potion of heal wounds for 60 gold pieces
 41333 | D:14     | Found a hide-covered altar of Uskayaw.
 41749 | D:14     | Identified Roxanne's Papyrus of Shape Shifting
 41749 | D:14     | Noticed Roxanne
 41762 | D:14     | Killed Roxanne
 41954 | D:14     | Found a gate to the Vaults.
 42035 | D:15     | Entered Level 15 of the Dungeon
 42275 | D:15     | Noticed Rupert
 42283 | D:15     | Killed Rupert
 42710 | D:15     | Noticed Louise
 42727 | D:15     | Killed Louise
 42939 | D:15     | Received a gift from Trog
 42965 | D:15     | Found a staircase to the Depths.
 43487 | Vaults:1 | Entered Level 1 of the Vaults
 43851 | Vaults:1 | Noticed Donald
 43859 | Vaults:1 | Killed Donald
 44856 | Vaults:1 | Received a gift from Trog
 44962 | Vaults:1 | Found a portal to a secret trove of treasure.
 45479 | Vaults:2 | Reached skill level 15 in Throwing
 45874 | Vaults:2 | Found a staircase to the Crypt.
 45930 | Vaults:2 | Reached XP level 20. HP: 177/193 MP: 16/19
 46298 | Vaults:2 | Identified the +4 trident "Xoso Tio" {holy, *Slow rN+ Str-5
                  | Int+7}
 46359 | Vaults:2 | Identified the +6 spear of the Boiling Point {flame,
                  | Will++}
 46359 | Vaults:2 | Identified the +3 triple crossbow of Compulsion {elec,
                  | Int+4 Dex+3}
 46513 | Vaults:2 | Found Lunar Tepp's Jewellery Boutique.
 47315 | Vaults:3 | Received a gift from Trog
 47787 | Vaults:3 | Found Oskig's Book Shop.
 49228 | Vaults:4 | Received a gift from Trog
 49639 | Vaults:4 | Reached XP level 21. HP: 202/202 MP: 20/20
 50908 | Elf:1    | Entered Level 1 of the Elven Halls
 50931 | Elf:1    | Received a gift from Trog
 50949 | Elf:1    | You are sucked into a shaft and drop 1 floor!
 50979 | Elf:2    | Paralysed by an air elemental for 1 turns
 51329 | Elf:1    | Paralysed by an air elemental for 1 turns
 51598 | Elf:1    | Received a gift from Trog
 51811 | Elf:1    | Paralysed by an air elemental for 1 turns
 51814 | Elf:1    | Paralysed by an air elemental for 1 turns
 52252 | Elf:2    | Found a runed translucent gate.
 52252 | Elf:2    | Found a runed translucent gate.
 52252 | Elf:2    | Found a runed translucent gate.
 52315 | Elf:2    | Found a shimmering blue altar of Sif Muna.
 52732 | Elf:2    | Received a gift from Trog
 53446 | Elf:3    | Entered Level 3 of the Elven Halls
 53515 | Elf:3    | Paralysed by an air elemental for 1 turns
 53519 | Elf:3    | Paralysed by an air elemental for 1 turns
 53647 | Elf:2    | Acquired 792 gold pieces
 53648 | Elf:2    | Acquired the +11 broad axe of Conscience {speed, Str+4}
 53656 | Elf:2    | Acquired the +3 pair of seven-league boots {Rampage+∞}
 53656 | Elf:2    | Found the +3 pair of seven-league boots {Rampage+∞}
 53842 | Elf:3    | Received a gift from Trog
 53853 | Elf:3    | Reached XP level 22. HP: 97/213 MP: 12/21
 54194 | Elf:3    | Identified the +0 helmet of the Poles {Str+6 Int+3}
 54354 | Elf:3    | Identified the +9 broad axe of Compound Interest {flame,
                  | rN+}
 54363 | Elf:3    | Identified the ring of Wososm {rElec AC+4 SInv}
 54468 | Elf:3    | Paralysed by an air elemental for 1 turns
 54504 | Elf:3    | Paralysed by an air elemental for 1 turns
 54769 | Elf:3    | Found a radiant altar of Vehumet.
 54836 | Elf:3    | Identified the +7 ice dragon scales of Slovenliness {rPois
                  | rF- rC++ Str-2 Stlth+}
 55049 | Depths:1 | Entered Level 1 of the Depths
 55447 | Depths:1 | Found a one-way gate leading to the halls of Pandemonium.
 55586 | Depths:1 | Found a glowing silver altar of Zin.
 55586 | Depths:1 | Noticed Mara
 55588 | Depths:1 | Noticed AarnesTheHuman's illusion
 55596 | Depths:1 | Killed Mara
 55845 | Depths:1 | Found a gateway to Hell.
 55974 | Depths:1 | Received a gift from Trog
 56262 | Depths:2 | Found a gateway to a ziggurat.
 56558 | Depths:2 | Found a shadowy altar of Dithmenos.
 56878 | Depths:2 | Noticed Mennas
 57211 | Depths:2 | Killed Mennas
 57560 | Depths:2 | Found a glowing silver altar of Zin.
 57676 | Depths:2 | Found the +7 Kryia's mail coat {PotionHeal*2 rC+}
 57683 | Depths:2 | Identified the +1 robe "Ifuuxipurch" {Archmagi}
 57928 | Depths:3 | Found Ykunag's Distillery.
 57952 | Depths:3 | Found Ismufapu's Assorted Antiques.
 57960 | Depths:3 | Bought a scroll of acquirement for 2080 gold pieces
 57960 | Depths:3 | Acquired the ring of Uryps {rPois rCorr Str+3 Int+4}
 58145 | Depths:3 | Received a gift from Trog
 58154 | Depths:3 | Found a glowing silver altar of Zin.
 58154 | Depths:3 | Found a glowing golden altar of the Shining One.
 58154 | Depths:3 | Found a white marble altar of Elyvilon.
 58464 | Depths:3 | Found a corrupted altar of Lugonu.
 58469 | Depths:3 | Found a one-way gate to the infinite horrors of the Abyss.
 58529 | Depths:3 | Found Vixkuas's Antique Armour Shoppe.
 58625 | Depths:3 | Reached XP level 23. HP: 159/224 MP: 16/22
 58631 | Depths:3 | Reached skill level 10 in Evocations
 59034 | Depths:4 | Found a bloodstained altar of Trog.
 59372 | Depths:4 | Received a gift from Trog
 60262 | Depths:4 | Noticed a dread lich
 60277 | Depths:4 | Killed a dread lich
 60598 | Depths:4 | Found the necklace of Bloodlust {*Rage +Rage Will++ Int-3
                  | Slay+6}
 60897 | Depths:5 | Entered Level 5 of the Depths
 61576 | Depths:5 | Noticed a juggernaut
 61607 | Depths:5 | Killed a juggernaut
 61608 | Depths:5 | Reached XP level 24. HP: 206/236 MP: 19/22
 61724 | Depths:5 | Found Rizid's General Store.
 61736 | Depths:5 | Bought a scroll of acquirement for 832 gold pieces
 61736 | Depths:5 | Acquired a +2 crystal plate armour
 62133 | Depths:5 | Acquired the +1 cloak of Too Many Cooks {Will+ Regen+}
 62213 | Depths:5 | Received a gift from Trog
 62219 | Depths:5 | Reached skill level 5 in Dodging
 62405 | Depths:5 | Identified the +0 chain mail "Worihu" {Fly rF- rCorr
                  | Stlth-}
 62500 | Depths:5 | Found a runed translucent door.
 62500 | Depths:5 | Found a runed translucent door.
 62569 | Depths:5 | Found a runed translucent door.
 62569 | Depths:5 | Found a runed translucent door.
 62752 | Depths:5 | Found a runed translucent door.
 62752 | Depths:5 | Found a runed translucent door.
 62892 | Depths:5 | Found a gate to the Realm of Zot.
 63485 | Vaults:5 | Entered Level 5 of the Vaults
 63746 | Vaults:5 | Received a gift from Trog
 63864 | Vaults:5 | Noticed a dread lich
 63867 | Vaults:5 | Killed a dread lich
 64050 | Vaults:5 | Identified the +1 chain mail of Pefuasch {Rampage +Inv
                  | rElec MP+9}
 64051 | Vaults:5 | Identified the +6 flail of the Thing {vorpal, rPois Dex+4}
 64212 | Vaults:5 | Reached XP level 25. HP: 247/247 MP: 22/22
 64273 | Vaults:5 | Found the +3 sling "Punk" {acid, rCorr}
 64344 | Vaults:5 | Received a gift from Trog
 64383 | Vaults:5 | Reached skill level 10 in Dodging
 64451 | Vaults:5 | Got a silver rune of Zot
 65021 | Vaults:5 | Identified the +6 scale mail of the Ward {Int+4}
 65222 | Vaults:5 | Identified the +2 fustibalus "Esaschok" {venom, Str+4}
 65307 | Vaults:5 | Noticed a dread lich
 65312 | Vaults:5 | Killed a dread lich
 65732 | Slime:1  | Entered Level 1 of the Pits of Slime
 66103 | Slime:4  | Gained mutation: You sometimes lose the ability to read
                  | scrolls when taking damage. [a shining eye]
 66437 | Slime:5  | Entered Level 5 of the Pits of Slime
 66492 | Slime:4  | Received a gift from Trog
 66661 | Slime:5  | Noticed the Royal Jelly
 66661 | Slime:5  | Found the +8 orange crystal plate armour {Archmagi, Int+3
                  | Clar}
 66675 | Slime:5  | Killed the Royal Jelly
 66812 | Slime:5  | Got a slimy rune of Zot
 67387 | Zot:1    | Entered Level 1 of the Realm of Zot
 67504 | Zot:1    | Reached XP level 26. HP: 234/260 MP: 20/22
 67633 | Zot:1    | Found the +4 dragonskin cloak
 67633 | Zot:1    | Noticed Tiamat
 67661 | Zot:1    | Killed Tiamat
 67665 | Zot:1    | Received a gift from Trog
 69059 | Zot:2    | Received a gift from Trog
 69749 | Zot:3    | Reached XP level 27. HP: 261/270 MP: 22/22
 70807 | Zot:4    | Reached skill level 27 in Armour
 71341 | Zot:4    | Reached skill level 27 in Fighting
 71401 | Zot:4    | Reached skill level 15 in Dodging
 71414 | Zot:4    | Found a shimmering altar of Xom.
 71806 | Zot:5    | Entered Level 5 of the Realm of Zot
 71814 | Zot:5    | Received a gift from Trog
 72777 | Zot:5    | Gained mutation: You are dopey. (Int -2) [mutagenic glow]
 72786 | Zot:5    | Reached skill level 15 in Evocations
 72797 | Zot:5    | Gained mutation: You are weak. (Str -2) [mutagenic glow]
 72860 | Zot:5    | Noticed an orb of fire
 72864 | Zot:5    | Killed an orb of fire
 72873 | Zot:5    | Noticed a dread lich
 72879 | Zot:5    | Killed a dread lich
 73155 | Zot:5    | Noticed an orb of fire
 73160 | Zot:5    | Noticed a dread lich
 73160 | Zot:5    | Noticed an ancient lich
 73170 | Zot:5    | Noticed an orb of fire
 73174 | Zot:5    | Gained mutation: You tend to lose your temper in combat.
                  | [an orb of fire]
 73188 | Zot:5    | Gained mutation: You are occasionally teleported next to
                  | monsters. [an orb of fire]
 73189 | Zot:5    | Killed a dread lich
 73198 | Zot:5    | Killed an orb of fire
 73199 | Zot:5    | Gained mutation: Armour fits poorly on your strangely
                  | shaped body. [an orb of fire]
 73200 | Zot:5    | Gained mutation: You are sometimes teleported next to
                  | monsters. [an orb of fire]
 73201 | Zot:5    | Killed an orb of fire
 73215 | Zot:5    | Killed an ancient lich
 73234 | Zot:5    | Noticed a dread lich
 73252 | Zot:5    | Killed a dread lich
 73260 | Zot:5    | Noticed an ancient lich
 73271 | Zot:5    | Killed an ancient lich
 74564 | Vaults:5 | Lost mutation: You sometimes lose the ability to read
                  | scrolls when taking damage. [potion of mutation]
 74564 | Vaults:5 | Lost mutation: You are sometimes teleported next to
                  | monsters. [potion of mutation]
 74564 | Vaults:5 | Gained mutation: You are robust. (+10% HP) [potion of
                  | mutation]
 74564 | Vaults:5 | Gained mutation: Your spells are a little harder to cast,
                  | but a little more powerful. [potion of mutation]
 74565 | Vaults:5 | Lost mutation: You are weak. (Str -2) [potion of mutation]
 74565 | Vaults:5 | Lost mutation: You are dopey. (Int -2) [potion of mutation]
 74565 | Vaults:5 | Lost mutation: You tend to lose your temper in combat.
                  | [potion of mutation]
 74565 | Vaults:5 | Lost mutation: You are robust. (+10% HP) [potion of
                  | mutation]
 74565 | Vaults:5 | Gained mutation: You passively map a small area around you.
                  | [potion of mutation]
 74566 | Vaults:5 | Lost mutation: Armour fits poorly on your strangely shaped
                  | body. [potion of mutation]
 74566 | Vaults:5 | Gained mutation: You are somewhat resistant to further
                  | mutation. [potion of mutation]
 74567 | Vaults:5 | Lost mutation: You are somewhat resistant to further
                  | mutation. [potion of mutation]
 74567 | Vaults:5 | Lost mutation: Your spells are a little harder to cast, but
                  | a little more powerful. [potion of mutation]
 74567 | Vaults:5 | Lost mutation: You passively map a small area around you.
                  | [potion of mutation]
 74567 | Vaults:5 | Gained mutation: You are frail. (-10% HP) [potion of
                  | mutation]
 74567 | Vaults:5 | Gained mutation: You occasionally shout uncontrollably at
                  | your foes. [potion of mutation]
 74568 | Vaults:5 | Lost mutation: You are frail. (-10% HP) [potion of
                  | mutation]
 74568 | Vaults:5 | Lost mutation: You are occasionally teleported next to
                  | monsters. [potion of mutation]
 74568 | Vaults:5 | Lost mutation: You occasionally shout uncontrollably at
                  | your foes. [potion of mutation]
 74568 | Vaults:5 | Gained mutation: You are dopey. (Int -2) [potion of
                  | mutation]
 74568 | Vaults:5 | Gained mutation: You sometimes lose the ability to read
                  | scrolls when taking damage. [potion of mutation]
 74568 | Vaults:5 | Gained mutation: You have a pair of large horns on your
                  | head. [potion of mutation]
 75975 | Depths:3 | Found Aryut's Jewellery Boutique.
 75975 | Depths:3 | Found Kaikutsetz's Book Shop.
 76056 | Depths:3 | Received a gift from Trog
 76144 | Depths:3 | Found a sacrificial altar of Ru.
 76155 | Depths:3 | Identified the +5 long sword "Weof" {speed, rPois}
 76165 | Depths:3 | Identified the +7 shortbow of the Feather {flame, rF+++
                  | Int+4 Dex-4 SInv}
 76648 | Depths:3 | Received a gift from Trog
 76984 | Depths:3 | Noticed the Enchantress
 77001 | Depths:3 | Killed the Enchantress
 77420 | D:12     | Identified the amulet of Lixokk {rElec Regen+}
 77682 | D:7      | Acquired the ring "Hettiopo" {rF+ rC+ Str+2 Int+4 Dex+4}
 77731 | D:7      | Found a shimmering blue altar of Sif Muna.
 77931 | D:7      | Found Zecwit's Jewellery Emporium.
 78325 | D:2      | Killed Crazy Yiuf
 78947 | Zot:5    | Got the Orb of Zot
 79351 | D:10     | Noticed Zemmouk the pandemonium lord
 79371 | D:10     | Killed Zemmouk the pandemonium lord
 79457 | D:7      | Noticed Qaghut the pandemonium lord
 79466 | D:7      | Killed Qaghut the pandemonium lord
 79466 | D:7      | Received a gift from Trog
 79607 | D:$      | Escaped with the Orb!

Illustrated notes

Levels and vault maps discovered:
D:1:      noname_arrival_rooms_in_the_neighbourhood, layout_rooms,
          corner_web_ring
D:2:      layout_loops_corners, basic_altar, uniq_crazy_yiuf_cottage
D:3:      layout_loops_ring, gammafunk_temple_overflow_pools,
          grunt_ministairs_8, minmay_quantized
D:4:      layout_loops_corners, mainiacjoe_overflow_tiny_flanked,
          minmay_manual_mess, uniq_ijyb
D:5:      layout_loops_corners
D:6:      layout_cave_pools, gammafunk_temple_overflow_wave,
          minmay_temple_entry_junction, serial_shops, nicolae_shop_waterfront
D:7:      layout_loops_ring, kennysheep_orc_sif_temple, serial_shops,
          nicolae_shop_behind_doors, uniq_menkaure
D:8:      layout_basic, vehumet_crystals, slow_altar_2, enter_bailey_5
D:9:      minmay_general_purpose_star, layout_loops_ring
D:10:     layout_stronghold, chequers_temple_overflow_statue_of_worship,
          due_lair_maze_entry_diamond, uniq_josephine
D:11:     layout_long_grid, kennysheep_orc_monster_closet_entryway,
          eino_small_chamber_without_monster
D:12:     minmay_connected_triangles_in_corner, layout_loops_ring,
          minmay_misc_feat_x, minmay_misc_feat_chi, uniq_nessos
D:13:     layout_loops_ring, serial_shops, nicolae_inconvenience_store,
          nicolae_ru_awakened_eye, uniq_maurice, uniq_frances
D:14:     layout_gridville, ximxim_vaults_locker_room,
          minmay_misc_feat_more_columns, dancing_weapons_uskayaw, uniq_roxanne
D:15:     grunt_enter_depths_magical_seal, layout_basic,
          amcnicky_mini_rare_corridor_liquid, uniq_rupert, uniq_louise
Lair:1:   layout_chaotic_city, grunt_megastairs_4
Lair:2:   layout_small_grid, nicolae_volcano_entry_s_turn,
          gauntlet_entry_generic, uniq_erica, uniq_maggie, uniq_harold,
          uniq_gastronok
Lair:3:   layout_regular_city, minmay_snake_entry_guardpost_small,
          fungi_pond_lemuel, uniq_prince_ribbit2
Lair:4:   layout_loops_ring, minmay_shoals_entry_beasts, special_room
          [special_room_bee], basic_altar, serial_bayou_shore_b,
          infiniplex_staircase_pool_2, uniq_snorg, uniq_urug
Lair:5:   layout_loops_ring, basic_altar, minmay_hedge_maze,
          grunt_forest_large_clearings, grunt_megastairs_2,
          infiniplex_staircase_pool
Lair:6:   minmay_lair_end_frog_pond, layout_gridlike,
          minmay_slime_entry_jelly_boxes, grunt_megastairs_1,
          serial_bayou_shore_b, serial_bayou_shore_a
Shoals:1: layout_shoals
Shoals:2: layout_shoals, nicolae_shoals_wave_tunnel, uniq_jorgrun
Shoals:3: layout_shoals, ebering_ghost_reflecting_pool, serial_shops, shop,
          st_sunken_temple, uniq_ilsuiw
Shoals:4: shoals_end_grunt_ice, layout_shoals, serial_shops, nicolae_shop_stone,
          nicolae_shoals_arrival_archipelago
Snake:1:  nicolae_snake_attic_fulla_snakes, layout_layer_cave, basic_altar,
          nicolae_snake_bzzzt, uniq_nikola
Snake:2:  layout_onion, lemuel_fruit_tree, uniq_vashnia
Snake:3:  nicolae_snake_unarmed_stairs_patrol, layout_cave_shapes,
          ebering_ghost_xom, drop_trap, uniq_saint_roka, uniq_azrael
Snake:4:  snake_hunt, layout_chambers, serial_bayou_pond_b, abandoned_shop,
          drop_trap, st_stairs_10, minmay_shop_star
Slime:1:  layout_caves
Slime:2:  cheibrodos_slime_lost_civilization_2, layout_caves
Slime:3:  layout_caves
Slime:4:  layout_caves
Slime:5
Orc:1:    layout_diamond_mine, uniq_erolcha
Orc:2:    st_orc_pillars, layout_diamond_mine, ebering_ghost_inner_flame,
          serial_shops, shop, shop, shop, shop
Elf:1:    minmay_the_grid_triangle_9x9_recursive_2
          [minmay_the_grid_triangle_9x9_prize_insulated,
          minmay_the_grid_triangle_9x9_zippers_vertical,
          minmay_the_grid_triangle_9x9_empty,
          minmay_the_grid_triangle_9x9_negative_grid], layout_loops_cross,
          hangedman_elven_crosses_minicolossus, billiards_dpeg
Elf:2:    nicolae_elf_blades_splatter_lattice
          [nicolae_blade_entry_floor_patterns], layout_rooms, basic_altar
Elf:3:    grunt_elf_hall_diamonds, layout_onion_city, basic_altar,
          statue_in_the_mist_lemuel
Vaults:1: vaults_room_octagon, nicolae_vaults_network_s, v_pattern_2,
          grunt_vaults_hallway_short, v_misc_5, vaults_room_hangedman_quadrants,
          v_misc_25, vaults_room_grid, v_alt_pattern_2, vaults_room_ringed_pool,
          ontoclasm_vaults_shuriken, v_alt_pattern_5, vaults_dpeg_encased_lava,
          layout_vaults_omnibox, nicolae_trove_entry_crystal, uniq_donald
Vaults:2: minmay_crypt_entry_simple_round, nicolae_vaults_angled_halls,
          grunt_vaults_hallway_short, hangedman_vaults_slice, v_misc_23,
          vaults_room_glass_cross, v_misc_26, v_misc_9,
          ontoclasm_vaults_loading_screen, nicolae_vaults_yaktaur_gun_rack,
          v_misc_23, layout_vaults_omnicross, serial_shops, shop, uniq_margery
Vaults:3: nicolae_vaults_puzzle_piece, ontoclasm_vaults_spin,
          vaults_dpeg_spiral, v_misc_5, hangedman_vaults_locks, v_rooms_5,
          grunt_vaults_swirl, vaults_dpeg_cross, ontoclasm_vaults_twist,
          layout_vaults_ring, serial_shops, shop_fountains
Vaults:4: vaults_dpeg_doors, ontoclasm_vaults_chip, v_misc_29,
          nicolae_vaults_little_squares_3, v_misc_23, v_rooms_5, v_misc_25,
          hangedman_vaults_nails, v_misc_33, ontoclasm_vaults_chip,
          ontoclasm_vaults_decontamination, layout_vaults_chaotic_city
Vaults:5: serial_shops
Depths:1: layout_roguey, kennysheep_another_room, pf_dread_powers_of_hell,
          rand_demon_pan_entry_5, zin_academy, uniq_mara
Depths:2: evilmike_silver_temple, layout_cave_shapes, enter_ziggurat_c,
          nicolae_dithmenos_the_darkroom, hell_entry,
          infiniplex_staircase_zigzag_3, serial_bayou_shore_b
Depths:3: gammafunk_depths_water_palace, layout_honeycomb, serial_shops, shop,
          shop, kennysheep_little_box, shop, nicolae_shop_stone,
          good_gods_mini_temple, abyss_entry_flame_altar,
          pf_hell_entry_tar_spiral, pan_entry, argonaut_fire_from_heaven
Depths:4: kennysheep_green_arena, layout_cave_pools, minmay_room_of_horrors,
          pan_entry, grunt_hell_entry_dis_grunt, bloody_trog,
          serial_bayou_shore_b
Depths:5: evilmike_zot_entry_castle, layout_gridlike, hellmouth_1, serial_shops,
          nicolae_shop_stone, lemuel_nasty_fountain
Zot:1:    layout_misc_corridors, uniq_tiamat
Zot:2:    circus_mu, layout_misc_corridors
Zot:3:    layout_cathedral_of_symmetry
Zot:4:    nicolae_zot_draconian_monastery, layout_gridlike
Zot:5:    layout_cathedral_of_symmetry, skrybe_zot_glass_2

Skill      XL: |  1  2  3  4  5  6  7  8  9 10 11 12 13 14 15 16 17 18 19 20 21 22 23 24 25 26 27 |
---------------+----------------------------------------------------------------------------------+-----
Axes           | 4 5 6 8 9 10 11 12 14 15 16 18 | 18.0
Fighting       | 4 5 7 8 9 10 12 13 14 16 17 18 19 20 21 22 23 24 25 26 27 | 27.0
Armour         | 3 4 5 6 7 8 9 10 11 12 13 14 16 17 18 19 21 23 24 26 27 | 27.0
Evocations     | 2 3 5 7 8 9 10 12 13 17 | 17.3
Shields        | 4 6 9 11 12 14 15 16 18 19 21 22 23 24 25 | 25.0
Throwing       | 5 7 8 9 10 11 12 13 15 16 17 18 19 23 | 23.6
Dodging        | 4 9 12 13 18 | 18.2

Action                   |  1- 3 |  4- 6 |  7- 9 | 10-12 | 13-15 | 16-18 | 19-21 | 22-24 | 25-27 || total
-------------------------+-------+-------+-------+-------+-------+-------+-------+-------+-------++-------
Melee: Hand axe          |    61 |   120 |    42 |       |       |       |       |       |       ||   223
       Headbutt          |     8 |    20 |    41 |    92 |   212 |   193 |   365 |   494 |   618 ||  2043
       Broad axe         |       |       |   134 |   446 |   935 |   834 |  1288 |  1468 |  1810 ||  6915
       War axe           |       |       |    45 |       |       |       |       |       |       ||    45
 Fire: Hunting sling     |       |       |       |    14 |    20 |       |       |       |       ||    34
Throw: Stone             |       |     2 |       |       |       |     4 |       |       |       ||     6
       Dart              |       |       |     5 |    47 |       |       |       |       |       ||    52
       Javelin           |       |       |       |    26 |   106 |   137 |    47 |    69 |   147 ||   532
       Boomerang         |       |       |       |       |     4 |   160 |       |    67 |   239 ||   470
       Throwing net      |       |       |       |       |       |       |       |       |     1 ||     1
Invok: Berserk           |     1 |       |     1 |     1 |       |       |       |       |       ||     3
       Trog's Hand       |       |       |       |     1 |       |     1 |     1 |       |     1 ||     4
       Brothers in Arms  |       |       |       |     4 |     3 |     2 |     2 |     2 |     3 ||    16
Evoke: Wand              |       |       |     2 |       |       |     6 |       |       |     3 ||    11
       Tin of tremorston |       |       |       |       |       |     2 |     1 |     1 |     5 ||     9
       Condenser vane    |       |       |       |       |       |     1 |       |       |     3 ||     4
  Use: Scroll            |       |     4 |    10 |    16 |    10 |     6 |     6 |     4 |    10 ||    66
       Potion            |       |       |       |       |       |     2 |       |     1 |     9 ||    12
 Stab: Petrified         |       |       |       |       |     4 |       |       |       |       ||     4
       Held in net/web   |       |       |       |       |     1 |       |       |       |       ||     1
       Distracted        |       |       |       |       |       |     1 |       |       |     1 ||     2
Armor: Animal skin       |     5 |       |       |       |       |       |       |       |       ||     5
       Scale mail        |     7 |    13 |       |       |       |       |       |       |       ||    20
       Leather armour    |     2 |       |       |       |       |       |       |       |       ||     2
       Chain mail        |       |    35 |   156 |    98 |       |       |       |       |       ||   289
       Plate armour      |       |       |       |   208 |   305 |   328 |   281 |   132 |       ||  1254
       Gold dragon scale |       |       |       |       |       |       |       |   140 |    83 ||   223
       Crystal plate arm |       |       |       |       |       |       |       |       |   321 ||   321
Dodge: Dodged            |    35 |    52 |    80 |   118 |   113 |   177 |   137 |   134 |   293 ||  1139
Block: Kite shield       |       |       |    73 |   278 |       |       |       |       |       ||   351
       Tower shield      |       |       |       |    94 |  1249 |  1399 |  1206 |  1003 |  1276 ||  6227
       Reflection        |       |       |       |     3 |    47 |   161 |       |       |       ||   211
